 Dungeon Crawl Stone Soup version 0.27-a0-836-gfc908b8576 (webtiles) character file.

Game seed: 13860898124413496538

4355 srzhan31 the Thaumaturge (level 10, -5/60 HPs)
             Began as a Djinni Air Elementalist on Mar 31, 2021.
             Was a Believer of Makhleb.
             Slain by Drazool's ghost (23 damage)
             ... on level 8 of the Dungeon.
             The game lasted 00:19:11 (10993 turns).

srzhan31 the Thaumaturge (Djinni Air Elementalist) Turns: 10993, Time: 00:19:12

Health: -5/60      AC:  8    Str:  7    XL:     10   Next: 34%
Gold:   444        EV: 13    Int: 19    God:    Makhleb [**....] SH:  5 Dex: 15

rFire    + . .     SeeInvis .   (no weapon)
rCold    . . .     Faith    .   (no shield)
rNeg     . . .     Spirit   .   a - +0 robe
rPois    ∞         Reflect  +   o - +0 helmet
rElec    .         Harm     .   k - +0 cloak
rCorr    .         Rampage  .   (no gloves)
Will     +....                  (boots unavailable)
Stlth    ++........             h - amulet of reflection
HPRegen  0.20/turn              b - +4 ring of protection
MPRegen  0.00/turn              e - ring of ice

@: flying
A: fire resistance 2, cold vulnerability 1, float, innate caster, hp casting,
extra vitality 1
a: Renounce Religion, Minor Destruction


You were on level 8 of the Dungeon.
You worshipped Makhleb.
Makhleb was pleased with you.
You visited 2 branches of the dungeon, and saw 10 of its levels.

You collected 444 gold pieces.

Inventory:

Armour
 a - a +0 robe (worn)
 k - a +0 cloak (worn)
 o - a +0 helmet (worn)
Jewellery
 b - a +4 ring of protection (left hand)
 e - a ring of ice (right hand)
 h - an amulet of reflection (around neck)
 j - a ring of resist corrosion
 p - a +6 ring of strength
 s - a ring of willpower
 y - a ring of wizardry
 D - a ring of see invisible
Wands
 v - a wand of paralysis (13)
 B - a wand of charming (9)
Scrolls
 c - 3 scrolls of blinking {unknown}
 g - a scroll of amnesia {unknown}
 i - a scroll of identify {unknown}
 m - 4 scrolls of teleportation {unknown}
 r - 2 scrolls of noise {unknown}
 u - a scroll of immolation {unknown}
 x - a scroll of fear {unknown}
 C - a scroll of acquirement {unknown}
 E - a scroll of enchant weapon {unknown}
 F - a scroll of enchant armour {unknown}
Potions
 d - a potion of invisibility {unknown}
 f - 2 potions of mutation {unknown}
 l - a potion of flight {unknown}
 n - 2 potions of might {unknown}
 q - a potion of degeneration {unknown}
 t - a potion of haste {unknown}
 w - 2 potions of curing {unknown}
 z - a potion of lignification {unknown}
 A - a potion of berserk rage {unknown}


   Skills:
 + Level 4.0 Dodging
 - Level 1.8 Stealth
 + Level 0.6 Shields
 + Level 12.1 Spellcasting


You had 9 spell levels left.
You knew the following spells:

 Your Spells              Type           Power      Damage    Failure   Level
a - Shock                 Conj/Air       100%       1d9       1%          1
b - Swiftness             Air            55%        N/A       1%          2
c - Static Discharge      Conj/Air       55%        N/A       1%          3
d - Airstrike             Air            27%        N/A       1%          4
e - Lightning Bolt        Conj/Air       27%        1d44      1%          5
f - Magic Dart            Conj           100%       1d8       1%          1
g - Wereblood             Tmut           55%        N/A       1%          2
h - Mephitic Cloud        Conj/Pois/Air  55%        N/A       1%          3
i - Conjure Flame         Conj/Fire      55%        6-21      1%          3
Your spell library was empty.

Dungeon Overview and Level Annotations

Branches:
Dungeon (9/15)             Temple (1/1) D:4            Lair (0/6) D:8
    Orc: D:9-12

Altars:
Cheibriados
Elyvilon
Fedhas
Gozag
Makhleb
Qazlal
Ru
Uskayaw
Vehumet
Xom
Yredelemnul
Zin
The Shining One

Annotations:
D:5 2 transporters, HendSelp's ghost, novice KoHu
D:8 Drazool's ghost, novice MiGl


Innate Abilities, Weirdness & Mutations

You are immune to poison.
Your flesh is very heat resistant. (rF++)
You are vulnerable to cold. (rC-)
You float through the air rather than walking.
You learn spells naturally, not from books.
Your magical power is your life essence.
You have superior vitality. (+4 HP)


Message History

Aiming: Mephitic Cloud (safe; 1% risk of failure)
Press: ? - help, Shift-Dir - straight line, f - Drazool's ghost
Aim: Drazool's ghost (not susceptible)
The ball explodes into a vile cloud!
The stinking cloud engulfs Drazool's ghost but does no damage.
The stinking cloud engulfs the ogre but does no damage. x3
The ogre is engulfed in noxious fumes.
The ogre appears confused.
The ogre misses Drazool's ghost.
The ogre is engulfed in noxious fumes.
The ogre appears confused.
The ogre is engulfed in noxious fumes.
The ogre appears confused.
Casting: Mephitic Cloud (safe; 1% risk of failure)
Confirm with . or Enter, or press ? or * to list all spells.
Aiming: Airstrike (safe; 1% risk of failure)
Press: ? - help, Dir - move target, f/p - Drazool's ghost
Aim: Drazool's ghost (noxious fumes)
Okay, then.
The ogre is engulfed in noxious fumes.
The ogre hits the ogre with a +0 giant club!!
The ogre is engulfed in noxious fumes.
The ogre appears confused.
Drazool's ghost hits you.
The ogre is engulfed in noxious fumes.
Something hits the ogre!
The ogre is engulfed in noxious fumes.
The ogre appears confused.
The ogre laughs crazily.
The ogre misses Drazool's ghost.
Something hits the ogre!!
The ogre is killed!
Makhleb accepts your kill.
There is a transporter here.
You enter the transporter and appear at another place.
The ogre barely misses the ogre.
Drazool's ghost hits you!
The ogre ponders the situation.
Casting: Airstrike (safe; 1% risk of failure)
Confirm with . or Enter, or press ? or * to list all spells.
The fire begins to smolder!
Drazool's ghost hits you!!
Casting: Conjure Flame (safe; 1% risk of failure)
Confirm with . or Enter, or press ? or * to list all spells.
The fire ignites!
You are engulfed in blazing flames.
You resist.
* * * LOW HITPOINT WARNING * * *
The ogre seems less confused.
Drazool's ghost hits you!!
You die...

<.#####.######## #
#>#.#
................
#.#.#
#.#####.#######.
#...# ... #.# ...###
#...# ####
#.########..# #.#.#
#+#......#..#####.#.#
#..##..#........#.#
#.#..#.#....##### #
#.#..#O#@...#...#
#..##..#W.........
#©.)..)#...#......
#..##.)#©.........
#.#..#O#.##.......
#.#..#.#.# .....).
#..##..#.# .###.#.
#©.....#.# .# .#
########.#


You could see 2 ogres and Drazool's ghost.

Vanquished Creatures
  Erica (D:8)
  Prince Ribbit (D:6)
  6 yaks (D:8)
  3 water moccasins
  2 ice beasts
  A black bear (D:5)
  A sky beast (D:7)
  2 necrophages
  3 ogres
  A centaur (D:7)
  2 phantoms
  A kobold brigand (D:6)
  Blork the orc (D:6)
  A bullfrog (D:8)
  A wyvern zombie (D:7)
  A scorpion (D:4)
  2 water moccasin skeletons (D:4)
  4 wights (D:6)
  A howler monkey (D:7)
  A jelly (D:4)
  A bullfrog zombie (D:7)
  A gnoll shaman (D:7)
  2 bullfrog skeletons
  3 orc priests
  3 hounds
  2 iguanas
  6 orc wizards
  A killer bee zombie (D:8)
  A hound skeleton (D:5)
  Robin (D:3)
  10 adders
  3 gnolls (D:7)
  2 shadow imps
  3 white imps
  An ufetubus (D:6)
  4 dart slugs
  23 orcs
  6 endoplasms
  4 giant cockroaches
  7 goblins
  11 hobgoblins
  6 jackals
  3 quokkas
  4 ball pythons
  3 bats
  3 frilled lizards
  A jackal skeleton (D:4)
  10 kobolds
  11 rats
172 creatures vanquished.

Notes
Turn   | Place    | Note
-------+----------+-------------------------------------------
     0 | D:1      | srzhan31 the Djinni Air Elementalist began the quest for
                  | the Orb.
     0 | D:1      | Reached XP level 1. HP: 15/15 MP: 0/0
   451 | D:1      | Reached skill level 3 in Spellcasting
   451 | D:1      | Reached XP level 2. HP: 11/21 MP: 0/0
  1042 | D:2      | Reached XP level 3. HP: 21/25 MP: 0/0
  1042 | D:2      | Learned a level 1 spell: Magic Dart
  1830 | D:2      | Reached XP level 4. HP: 27/31 MP: 0/0
  2286 | D:3      | Reached skill level 4 in Spellcasting
  2898 | D:3      | Reached XP level 5. HP: 31/35 MP: 0/0
  2898 | D:3      | Learned a level 2 spell: Wereblood
  3275 | D:3      | Noticed Robin
  3279 | D:3      | Killed Robin
  3880 | D:4      | Reached skill level 5 in Spellcasting
  3880 | D:4      | Reached XP level 6. HP: 38/40 MP: 0/0
  4051 | D:4      | Found a staircase to the Ecumenical Temple.
  4057 | Temple   | Entered the Ecumenical Temple
  4101 | Temple   | Became a worshipper of Makhleb the Destroyer
  4215 | D:4      | Reached XP level 7. HP: 7/45 MP: 0/0
  4215 | D:4      | Learned a level 3 spell: Mephitic Cloud
  4832 | D:4      | Reached skill level 6 in Spellcasting
  5177 | D:5      | Entered Level 5 of the Dungeon
  5482 | D:5      | Found a transporter.
  5683 | D:5      | Reached skill level 7 in Spellcasting
  5931 | D:5      | Found a glowing silver altar of Zin.
  6023 | D:5      | Found an opulent altar of Gozag.
  6316 | D:5      | Found a transporter.
  6341 | D:5      | Noticed HendSelp's ghost (novice KoHu)
  6478 | D:5      | Reached XP level 8. HP: 42/50 MP: 0/0
  6694 | D:5      | Found a glowing silver altar of Zin.
  6694 | D:5      | Found a sacrificial altar of Ru.
  6702 | D:5      | Found a faded altar of an unknown god.
  6712 | D:5      | Reached * piety under Makhleb
  6860 | D:5      | Found a white marble altar of Elyvilon.
  6862 | D:5      | Found a glowing golden altar of the Shining One.
  7009 | D:6      | Reached skill level 8 in Spellcasting
  7833 | D:6      | Reached skill level 9 in Spellcasting
  8354 | D:6      | Noticed Prince Ribbit
  8357 | D:6      | Killed Prince Ribbit
  8358 | D:6      | Reached XP level 9. HP: 42/55 MP: 0/0
  8358 | D:6      | Learned a level 3 spell: Conjure Flame
  8640 | D:6      | Noticed Blork the orc
  8648 | D:6      | Killed Blork the orc
  8649 | D:6      | Reached skill level 10 in Spellcasting
 10138 | D:8      | Reached ** piety under Makhleb
 10229 | D:8      | Noticed Erica
 10244 | D:8      | Killed Erica
 10245 | D:8      | Reached skill level 11 in Spellcasting
 10245 | D:8      | Reached XP level 10. HP: 25/60 MP: 0/0
 10455 | D:8      | Reached skill level 12 in Spellcasting
 10775 | D:8      | You are sucked into a shaft and drop 1 floor!
 10938 | D:8      | Found a staircase to the Lair.
 10955 | D:8      | Found a transporter.
 10955 | D:8      | Noticed Drazool's ghost (novice MiGl)
 10958 | D:8      | Identified the +7 great mace of Ataolyec {venom, *Rage
                  | Dex+5}
 10966 | D:8      | Found a transporter.
 10993 | D:8      | Slain by Drazool's ghost

Illustrated notes

Levels and vault maps discovered:
D:1:      roderic_chinese_lattice_arrival, layout_rooms
D:2:      layout_basic
D:3:      corexii_shack_village, layout_loops_corners, portal_sewer_entry_b,
          minmay_misc_feat_room, uniq_robin
D:4:      layout_basic, minmay_temple_entry_fiery
D:5:      layout_basic, chequers_temple_overflow_minitemple,
          gammafunk_ghost_stat_death, basic_altar,
          nicolae_gozag_cash_rules_everything_around_me
D:6:      layout_basic, uniq_prince_ribbit1, uniq_blork_the_orc
D:7:      layout_gridville, nicolae_overflow_hidden_temple, minmay_between
D:8:      minmay_the_grid_triangle_9x9_rhombus_full
          [minmay_the_grid_triangle_9x9_semitri,
          minmay_the_grid_triangle_9x9_limited_checkers,
          minmay_the_grid_triangle_9x9_swiss_cheese,
          minmay_the_grid_triangle_9x9_checkered,
          minmay_the_grid_triangle_9x9_pentomino_pain,
          minmay_the_grid_triangle_9x9_odd_lines,
          minmay_the_grid_triangle_9x9_flanged_cone,
          minmay_the_grid_triangle_9x9_prize_schism], layout_basic,
          lair_entry_dummy, gammafunk_ghost_smash, grunt_ogre_cave, uniq_erica
D:9:      layout_loops_ring, marbit_many_paths
Temple:   eino_temple_scatter_basement

Skill      XL: |  1  2  3  4  5  6  7  8  9 10 |
---------------+-------------------------------+-----
Spellcasting   | 3 4 5 7 9 11 12 | 12.1
Dodging        | 3 4 |  4.0
Stealth        | |  1.8
Shields        | |  0.6

Action                   |  1- 3 |  4- 6 |  7- 9 | 10-12 || total
-------------------------+-------+-------+-------+-------++-------
Melee: Unarmed           |       |     1 |       |       ||     1
 Cast: Shock             |    65 |    89 |    61 |       ||   215
       Airstrike         |       |     3 |    93 |    14 ||   110
       Swiftness         |       |       |     2 |       ||     2
       Static Discharge  |       |       |     1 |       ||     1
       Lightning Bolt    |       |       |     8 |     2 ||    10
       Mephitic Cloud    |       |       |     7 |     2 ||     9
       Wereblood         |       |       |     2 |     1 ||     3
       Conjure Flame     |       |       |     2 |     2 ||     4
Armor: Robe              |     2 |    10 |     5 |       ||    17
Dodge: Dodged            |     3 |    13 |     9 |       ||    25
Block: Other             |       |     4 |     4 |     1 ||     9
       Reflection        |       |       |     1 |       ||     1

Table legend: (Time is in decaauts)
 A = Elapsed time spent in this place.
 B = Non-inter-level travel time spent in this place.
 C = Inter-level travel time spent in this place.
 D = Time resting spent in this place.
 E = Time spent auto-exploring this place.
 F = Levels seen in this place.
 G = Mean time per level.
                   A        B        C        D        E       F      G
               +--------+--------+--------+--------+--------+-----+--------+
         Total |  10990 |  10717 |    273 |      0 |   9330 |  10 | 1099.0 |
       Dungeon |  10930 |  10657 |    273 |      0 |   9298 |   9 | 1214.4 |
        Temple |     59 |     59 |      0 |      0 |     32 |   1 |   59.0 |
               +--------+--------+--------+--------+--------+-----+--------+

Top non-repeatable levels by time:
     D:5: 2183 daAuts
     D:4: 1704 daAuts
     D:6: 1623 daAuts
     D:3: 1316 daAuts
     D:7: 1152 daAuts
     D:2: 1133 daAuts
     D:1: 961 daAuts
     D:8: 761 daAuts
     D:9: 94 daAuts
  Temple: 59 daAuts
